 Dungeon Crawl Stone Soup version 0.18-a0-9-gd4dcb6f (webtiles) character file.

124977 Ordine the Fighter (level 16, -8/147 HPs)
             Began as a Minotaur Gladiator on Nov 1, 2015.
             Was the Champion of Okawaru.
             Mangled by a white ugly thing (25 damage)
             ... on level 15 of the Dungeon.
             The game lasted 01:42:58 (33830 turns).

Ordine the Fighter (Minotaur Gladiator)            Turns: 33830, Time: 01:42:58

Health: -8/147     AC: 30    Str: 22    XL:     16   Next: 40%
Magic:  0/22       EV: 18    Int:  5    God:    Okawaru [******]
Gold:   403        SH:  0    Dex: 20    Spells: 1 memorised, 11 levels left

rFire  + . .     SeeInvis .     S - +6 quarterstaff of the Unspeakable One {holy, Str+2}
rCold  . . .     Clarity  .     W - +2 plate armour {rF+}
rNeg   . . .     SustAt   .     (shield currently unavailable)
rPois  +         Gourm    .     p - +2 hat
rElec  .         Spirit   +     w - +0 cloak of Minor Irritation {rPois MR+ Dex+2 Slay+2}
rCorr  .         Warding  .     R - +2 pair of gloves
rMut   .         Stasis   .     a - +0 pair of boots
MR     +++..                    n - amulet of guardian spirit
Stlth  ..........               l - +4 ring of slaying
                                y - ring of protection from magic

@: heroism, finesse, extremely resistant to hostile enchantments, extremely
unstealthy
A: retaliatory headbutt, horns 2
a: Heroism, Finesse, Renounce Religion


You were on level 15 of the Dungeon.
You worshipped Okawaru.
Okawaru was exalted by your worship.
You were hungry.

You visited 4 branches of the dungeon, and saw 28 of its levels.
You also visited: Labyrinth, Sewer, Ice Cave and Volcano.

You collected 3103 gold pieces.
You spent 2700 gold pieces at shops.

Inventory:

Hand Weapons
 x - a +0 blowgun
 S - the +6 quarterstaff of the Unspeakable One (weapon) {holy, Str+2}
   (Okawaru gifted it to you on level 5 of the Lair of Beasts)

   It has been blessed by the Shining One to cause great damage to the undead
   and demons.
   It affects your strength (+2).
Missiles
 d - 3 throwing nets
 s - 12 curare-tipped needles
 J - 12 javelins of penetration
 P - 9 javelins of returning
 Q - 12 javelins (quivered)
Armour
 a - a +0 pair of boots (worn)
 p - a +2 hat (worn)
 w - the +0 cloak of Minor Irritation (worn) {rPois MR+ Dex+2 Slay+2}
   (You bought it in a shop on level 4 of the Orcish Mines)

   It affects your dexterity (+2).
   It affects your accuracy and damage with ranged weapons and melee attacks
   (+2).
   It protects you from poison.
   It affects your resistance to hostile enchantments.
 R - a +2 pair of gloves (worn)
 W - a +2 plate armour of fire resistance (worn)
Magical Staves
 N - an uncursed staff of earth
Jewellery
 b - an uncursed amulet of resist mutation
 k - an uncursed ring of positive energy
 l - a +4 ring of slaying (right hand)
 n - an amulet of guardian spirit (around neck)
 r - an uncursed ring of teleportation
 y - a ring of protection from magic (left hand)
 G - an uncursed ring of flight
 H - an uncursed ring of protection from fire
 M - an uncursed amulet of warding
Wands
 j - a wand of disintegration (16)
 z - a wand of fire (5)
 D - a wand of digging (24)
Scrolls
 c - 6 scrolls of identify
 e - 3 scrolls of recharging
 f - 7 scrolls of remove curse
 q - 9 scrolls of teleportation
 v - 4 scrolls of magic mapping
 A - 4 scrolls of blinking
 B - 3 scrolls of summoning
 E - a scroll of enchant weapon
Potions
 h - 11 potions of curing
 i - a potion of resistance
 o - a potion of haste
 t - a potion of cancellation
 C - 7 potions of agility
 I - a potion of invisibility
 K - 3 potions of might
 T - a potion of heal wounds
 V - a potion of berserk rage
Comestibles
 g - 4 meat rations
 m - 7 slices of pizza
 u - 4 fruits
 F - 3 chunks of flesh


   Skills:
 - Level 14.7(19.7) Fighting
 - Level 14.0(19.0) Staves
 - Level 10.0(15.0) Throwing
 - Level 14.6(19.6) Armour
 - Level 10.6(15.6) Dodging
 - Level 10.0 Earth Magic
 - Level 10.0 Invocations
 + Level 7.1 Evocations


You had 11 spell levels left.
You knew the following spells:

 Your Spells              Type           Power        Failure   Level  Hunger
a - Petrify               Trmt/Erth      #.......     100%        4    #####..


Dungeon Overview and Level Annotations

Branches:
Dungeon (15/15)            Temple (1/1) D:5            Lair (8/8) D:10
  Swamp (0/4) Lair:4       Spider (0/4) Lair:3        Slime (0/6) Lair:7
    Orc (4/4) D:12            Elf (0/3) Orc:4        Vaults (0/5) D:13
 Depths (0/5) D:15

Altars:
Ashenzari
Cheibriados
Dithmenos
Elyvilon
Fedhas
Gozag
Kikubaaqudgha
Makhleb
Nemelex Xobeh
Okawaru
Qazlal
Ru
Sif Muna
Trog
Vehumet
Xom
Yredelemnul
Zin
The Shining One
Beogh
Jiyva

Shops:
D:5 (   D:13 [   Orc:3 [   Orc:4 ?[*=


Innate Abilities, Weirdness & Mutations

You reflexively headbutt those who attack you in melee.
You have a pair of horns on your head.


Message History

You feel slightly more hungry. The tengu warrior barely misses you.
The tengu warrior barely misses you.
The tengu warrior claws you but does no damage.
The white ugly thing barely misses you.
The hill giant hits you with a giant club.
You sock the tengu warrior!
The tengu warrior is lightly wounded.
The tengu warrior hits you with a long sword!
* * * LOW HITPOINT WARNING * * *
The tengu warrior pecks you.
The tengu warrior claws you but does no damage.
You can now deal lightning-fast blows.
You feel somewhat more hungry. The white ugly thing bites you!
* * * LOW HITPOINT WARNING * * *
The white ugly thing freezes you!
* * * LOW HITPOINT WARNING * * *
The hill giant closely misses you. The white ugly thing stings you.
* * * LOW HITPOINT WARNING * * *
The white ugly thing freezes you!!
You die...

...#.. .........##... ###.###
.............
>..#..........#....#
.....#.......?....# ...#
...........# #.# # #..#..††.#
.....#.##..#.$..W#
.#####........)uQ#....... ..
.....#.##......u@##......# ..
...............(C.#...... ..
.....#.#..........##....##.
####.#.#...#.#..#..#....#.
####.#.....#.#..##....... .#
)...............##.#..#.# #.#
)...............##.#..#.####.#.#.
#.##...#.........................
#........................#.#.#.#.


You could see 2 ugly things, a hill giant, a tengu warrior and a wraith.

Vanquished Creatures
  Kirke (Lair:5)
  The ghost of zoolka the Fighter, a journeyman DsFi of Ashenzari (Orc:4)
  An orc warlord (Orc:4)
  A stone giant (Orc:3)
  Nessos (D:12)
  Azrael (D:12)
  An ettin (D:15)
  An ogre mage (D:15)
  Josephine (Orc:4)
  A minotaur (Lab)
  12 hydras
  Fannar (Orc:1)
  A centaur warrior (D:12)
  2 dancing weapons (D:13)
  3 catoblepae (Lair:8)
  The ghost of Frontstab the Covert, a journeyman OpBe of Trog (D:11)
  13 death yaks (Lair:8)
  4 orc high priests (Orc:4)
  Urug (Orc:1)
  Sonja (D:12)
  A deep elf knight (D:15)
  5 skeletal warriors (D:15)
  4 unseen horrors
  A lindwurm (Volcano)
  A wizard (D:14)
  Pikel (D:4)
  A swamp dragon (Lair:4)
  4 orc knights
  6 hill giants
  A harpy (shapeshifter) (D:14)
  3 manticores
  A wolf spider (Lair:3)
  4 orc sorcerers
  14 ugly things
  A hornet (shapeshifter) (D:13)
  2 griffons (D:13)
  4 cyclopes
  A centaur zombie (D:15)
  Maurice (D:11)
  Joseph (D:7)
  13 elephants
  2 ice statues (IceCv)
  2 centaur skeletons
  The ghost of septik the Cruncher, a novice MiGl (D:3)
  2 molten gargoyles (Volcano)
  A yaktaur (D:15)
  10 komodo dragons
  15 spiny frogs
  2 gargoyles
  6 black mambas
  4 fire drakes
  A tengu conjurer (D:13)
  A kobold demonologist (D:11)
  A queen bee (shapeshifter) (D:15)
  An efreet (D:13)
  10 trolls
  A freezing wraith (D:14)
  2 polar bears
  Prince Ribbit (D:6)
  15 blink frogs
  2 boulder beetles (Lair:4)
  3 two-headed ogres
  A centaur simulacrum (D:12)
  2 spriggans
  Sigmund (D:6)
  The ghost of timbw the Ruffian, an amateur VSFi of Okawaru (D:8)
  2 redbacks (Lair:3)
  2 deep elf magi
  59 yaks
  7 fire bats (Volcano)
  3 hogs (Lair:5)
  17 hippogriffs
  4 wraiths
  11 basilisks
  6 wyverns
  3 hungry ghosts
  Menkaure (D:6)
  4 fire elementals (D:12)
  A human (D:7)
  12 wolves
  4 wargs (Orc:4)
  19 water moccasins
  3 soldier ants
  2 black bears
  6 hell hounds
  15 porcupines
  3 sky beasts
  A spider (Lair:3)
  43 orc warriors
  A necrophage (D:8)
  12 ice beasts
  A black bear (shapeshifter) (D:15)
  3 centaurs
  3 phantoms
  An eye of draining (D:10)
  19 ogres
  9 big kobolds
  21 crocodiles
  26 giant frogs
  A water moccasin zombie (D:11)
  A water moccasin skeleton (D:9)
  4 scorpions
  4 wights (D:10)
  6 killer bees (D:12)
  4 electric eels
  4 lava snakes (Volcano)
  8 crimson imps
  A quasit (D:8)
  7 giant frog skeletons
  12 iguanas
  Crazy Yiuf (D:6)
  34 orc priests
  Ijyb (D:2)
  8 hounds
  6 jellies
  28 orc wizards
  Jessica (D:2)
  Natasha (thrice) (D:3)
  6 hell rats (Lair:2)
  10 worker ants
  A killer bee zombie (D:6)
  21 sheep
  A hound zombie (D:6)
  3 hound skeletons
  16 adders
  3 gnolls (Orc:3)
  73 river rats
  2 shadow imps
  An adder zombie (D:6)
  6 oozes
  8 worms
  5 giant geckos
  229 orcs
  9 bats
  10 goblins
  10 hobgoblins
  9 jackals
  5 quokkas
  3 ball pythons
  6 giant cockroaches
  5 giant newts
  17 kobolds
  A quokka skeleton (D:4)
  A quokka zombie (D:6)
  10 rats
  A fungus (Lair:8)
1137 creatures vanquished.

Vanquished Creatures (collateral kills)
  A plant (Lair:4)
1 creature vanquished.

Vanquished Creatures (others)
  A fire drake (Volcano)
  A human (Lair:5)
  2 orcs
  A giant cockroach (D:6)
  15 fungi
  13 plants
33 creatures vanquished.

Grand Total: 1171 creatures vanquished

Notes
Turn   | Place    | Note
--------------------------------------------------------------
     0 | D:1      | Ordine the Minotaur Gladiator began the quest for the Orb.
     0 | D:1      | Reached XP level 1. HP: 18/18 MP: 0/0
    46 | D:1      | Reached skill level 4 in Staves
   110 | D:1      | Reached XP level 2. HP: 19/25 MP: 1/1
   813 | D:2      | Reached skill level 5 in Staves
   833 | D:2      | Reached XP level 3. HP: 28/30 MP: 2/2
   920 | D:2      | Noticed Jessica
   935 | D:2      | Reached XP level 4. HP: 20/37 MP: 3/3
   942 | D:2      | Killed Jessica
   942 | D:2      | Reached skill level 6 in Staves
  1111 | D:2      | Noticed Ijyb
  1118 | D:2      | Killed Ijyb
  1162 | D:2      | Reached XP level 5. HP: 42/42 MP: 4/4
  1305 | D:3      | Noticed septik's ghost (novice MiGl)
  1308 | D:3      | Reached skill level 7 in Staves
  1378 | D:3      | Killed septik's ghost
  1378 | D:3      | Reached skill level 9 in Staves
  1378 | D:3      | Reached XP level 6. HP: 42/50 MP: 5/5
  1659 | D:3      | Reached XP level 7. HP: 56/56 MP: 6/6
  1747 | D:3      | Found an opulent altar of Gozag.
  1834 | D:3      | Noticed Natasha
  1840 | D:3      | Killed Natasha
  1844 | D:3      | Noticed Natasha
  1847 | D:3      | Killed Natasha
  1963 | D:3      | Noticed Natasha
  1974 | D:3      | Killed Natasha
  2163 | D:4      | Reached skill level 10 in Staves
  2209 | D:4      | Noticed Pikel
  2223 | D:4      | Killed Pikel
  2223 | D:4      | Reached skill level 11 in Staves
  2223 | D:4      | Reached XP level 8. HP: 24/62 MP: 7/7
  2317 | D:4      | Found a glowing drain.
  2323 | Sewer    | Entered a sewer
  2479 | Sewer    | Reached skill level 12 in Staves
  2704 | Sewer    | Reached skill level 13 in Staves
  3501 | D:5      | Entered Level 5 of the Dungeon
  3582 | D:5      | Found a blossoming altar of Fedhas.
  3629 | D:5      | Found a stormy altar of Qazlal.
  3798 | D:5      | Found Suckepi's Antique Weapon Shop.
  3806 | D:5      | Reached XP level 9. HP: 65/68 MP: 8/8
  3812 | D:5      | Bought a glowing quarterstaff for 84 gold pieces
  3984 | D:5      | Found a staircase to the Ecumenical Temple.
  3991 | D:5      | Reached skill level 14 in Staves
  3995 | Temple   | Entered the Ecumenical Temple
  4203 | D:5      | Found a radiant altar of Vehumet.
  4204 | D:5      | Found a burning altar of Makhleb.
  4227 | D:5      | Found a glowing golden altar of the Shining One.
  4321 | D:6      | Noticed Menkaure
  4338 | D:6      | Killed Menkaure
  4414 | D:6      | Found a shimmering altar of Xom.
  4826 | D:6      | Noticed Prince Ribbit
  4833 | D:6      | Killed Prince Ribbit
  4833 | D:6      | Reached skill level 5 in Fighting
  4891 | D:6      | Noticed Sigmund
  4896 | D:6      | Killed Sigmund
  5021 | D:6      | Noticed Crazy Yiuf
  5026 | D:6      | Killed Crazy Yiuf
  5378 | D:7      | Reached skill level 5 in Throwing
  5479 | D:7      | Found a blossoming altar of Fedhas.
  6227 | D:7      | Noticed Joseph
  6240 | D:7      | Killed Joseph
  6240 | D:7      | Reached XP level 10. HP: 44/88 MP: 9/9
  7427 | D:8      | Noticed timbw's ghost (amateur VSFi)
  7434 | D:8      | Killed timbw's ghost
  7888 | D:9      | Found an iron altar of Okawaru.
  7899 | D:9      | Became a worshipper of Warmaster Okawaru
  8458 | D:9      | Reached * piety under Okawaru
  8474 | D:9      | Reached skill level 10 in Fighting
  8664 | D:9      | Reached ** piety under Okawaru
  8743 | D:10     | Entered Level 10 of the Dungeon
  8823 | D:10     | Reached XP level 11. HP: 44/101 MP: 6/10
  9296 | D:10     | Found a staircase to the Lair.
  9578 | Lair:1   | Entered Level 1 of the Lair of Beasts
  9737 | Lair:1   | Reached *** piety under Okawaru
  9888 | Lair:1   | Reached skill level 10 in Throwing
  9904 | Lair:1   | Reached skill level 1 in Armour
 10162 | Lair:1   | Noticed a five-headed hydra
 10172 | Lair:1   | Killed a five-headed hydra
 10187 | Lair:1   | Reached **** piety under Okawaru
 10782 | Lair:1   | Received a gift from Okawaru
 10954 | Lair:1   | Reached skill level 5 in Armour
 10954 | Lair:1   | Reached skill level 5 in Dodging
 12050 | Lair:3   | Got a fine leather armour
 12082 | Lair:3   | Reached ***** piety under Okawaru
 12088 | Lair:3   | Reached XP level 12. HP: 112/112 MP: 11/11
 12094 | Lair:3   | Found a frozen archway.
 12105 | Lair:3   | Found a labyrinth entrance.
 12127 | Lab      | Entered a labyrinth
 12360 | Lab      | Noticed a minotaur
 12372 | Lab      | Killed a minotaur
 12372 | Lab      | Received a gift from Okawaru
 12394 | Lab      | Identified the +2 leather armour "Ogiphiuh" {MR++ Int-2 Stlth+} (You found it on level 3 of the Lair of Beasts)
 12427 | IceCv    | Entered an ice cave
 12543 | IceCv    | HP: 5/113 [ice statue] (8)]
 12940 | IceCv    | Got a smoking war axe
 12941 | IceCv    | Identified the +2 war axe "Wudwewed" {flame, *Rage +Fly rElec rF++} (You found it in an ice cave)
 13553 | Lair:3   | Received a gift from Okawaru
 13880 | Lair:3   | Found a hole to the Spider Nest.
 13886 | Lair:3   | Received a gift from Okawaru
 14356 | Lair:4   | Received a gift from Okawaru
 14522 | Lair:4   | Received a gift from Okawaru
 14694 | Lair:4   | Reached skill level 10 in Armour
 14802 | Lair:4   | Noticed a six-headed hydra
 14810 | Lair:4   | Killed a six-headed hydra
 14895 | Lair:4   | Found a staircase to the Swamp.
 15771 | Lair:4   | Reached XP level 13. HP: 115/122 MP: 12/12
 15910 | Lair:5   | Received a gift from Okawaru
 15917 | Lair:5   | Noticed Kirke
 15939 | Lair:5   | Killed Kirke
 15948 | Lair:5   | Received a gift from Okawaru
 15952 | Lair:5   | Got a crude quarterstaff {god gift}
 15970 | Lair:5   | Identified the +6 quarterstaff of the Unspeakable One {holy, Str+2} (Okawaru gifted it to you on level 5 of the Lair of Beasts)
 17744 | Lair:6   | Reached ****** piety under Okawaru
 18274 | Lair:7   | Received a gift from Okawaru
 18288 | Lair:7   | Found a runed door.
 18310 | Lair:7   | Found a viscous altar of Jiyva.
 18312 | Lair:7   | Found a staircase to the Slime Pits.
 18434 | Lair:6   | Received a gift from Okawaru
 18831 | Lair:7   | Reached skill level 10 in Dodging
 19236 | Lair:7   | Reached XP level 14. HP: 133/133 MP: 13/13
 19736 | Lair:7   | Received a gift from Okawaru
 20120 | Lair:7   | Learned a level 4 spell: Petrify
 20137 | Lair:8   | Entered Level 8 of the Lair of Beasts
 20153 | Lair:8   | Reached skill level 1 in Earth Magic
 21071 | Lair:8   | Reached skill level 5 in Earth Magic
 21145 | Lair:8   | Received a gift from Okawaru
 21489 | Lair:8   | Received a gift from Okawaru
 22408 | Lair:8   | Got a wavering platinum ring
 22413 | Lair:8   | Identified the ring of the Four Seas {Ice rN+ Dex+6} (You found it on level 8 of the Lair of Beasts)
 23358 | D:11     | Noticed Frontstab's ghost (journeyman OpBe)
 23367 | D:11     | Killed Frontstab's ghost
 23429 | D:11     | Noticed Maurice
 23451 | D:11     | Killed Maurice
 24462 | D:12     | Noticed Sonja
 24472 | D:12     | Killed Sonja
 24472 | D:12     | Reached XP level 15. HP: 81/139 MP: 14/14
 24864 | D:12     | Got a bound glass ring
 24866 | D:12     | Identified the ring of Iquoraog {rC+ MR- Dex+3} (You found it on level 12 of the Dungeon)
 25105 | D:12     | Noticed Azrael
 25118 | D:12     | Killed Azrael
 25334 | D:12     | Found a staircase to the Orcish Mines.
 25354 | D:12     | Noticed Nessos
 25377 | D:12     | Killed Nessos
 26231 | Orc:1    | Entered Level 1 of the Orcish Mines
 26268 | Orc:1    | Noticed Fannar
 26284 | Orc:1    | Killed Fannar
 26722 | Orc:2    | Found a dark tunnel.
 26734 | Volcano  | Entered a volcano
 26833 | Volcano  | Found a radiant altar of Vehumet.
 26842 | Volcano  | Reached skill level 10 in Earth Magic
 27114 | Orc:2    | Reached skill level 1 in Invocations
 27624 | Orc:1    | Noticed Urug
 27641 | Orc:1    | Killed Urug
 27919 | Orc:3    | Found Joxky's Antique Armour Shop.
 27932 | Orc:3    | Bought a glowing plate armour for 644 gold pieces
 28516 | Orc:4    | Entered Level 4 of the Orcish Mines
 28608 | Orc:4    | Noticed Josephine
 28621 | Orc:4    | Killed Josephine
 28621 | Orc:4    | Received a gift from Okawaru
 28634 | Orc:4    | Reached skill level 5 in Invocations
 28902 | Orc:4    | Noticed zoolka's ghost (journeyman DsFi)
 28918 | Orc:4    | Killed zoolka's ghost
 29395 | Orc:4    | Found a staircase to the Elven Halls.
 29645 | Orc:4    | Found a roughly hewn altar of Beogh.
 29831 | Orc:4    | Found Hesh's Magic Scroll Emporium.
 29942 | Orc:4    | Bought a scroll of enchant weapon for 90 gold pieces
 29942 | Orc:4    | Bought a scroll of enchant armour for 90 gold pieces
 29942 | Orc:4    | Bought a scroll of brand weapon for 240 gold pieces
 29942 | Orc:4    | Bought a scroll of identify for 24 gold pieces
 29942 | Orc:4    | Bought a scroll of acquirement for 624 gold pieces
 29965 | Orc:4    | Found Houji's Antique Armour Shoppe.
 29994 | Orc:4    | Bought a fine cloak for 237 gold pieces
 30006 | Orc:4    | Identified the +0 cloak of Minor Irritation {rPois MR+ Dex+2 Slay+2} (You bought it in a shop on level 4 of the Orcish Mines)
 30070 | Orc:4    | Bought a scroll of recharging for 114 gold pieces
 30389 | Orc:4    | Found a roughly hewn altar of Beogh.
 30623 | Orc:4    | Found Toicsap's Assorted Antiques.
 30644 | Orc:4    | Received a gift from Okawaru
 30939 | Orc:4    | Found Sucza's Jewellery Boutique.
 30973 | Orc:4    | Bought a cursed ring of loudness for 63 gold pieces
 30973 | Orc:4    | Bought an uncursed amulet of warding for 210 gold pieces
 30973 | Orc:4    | Bought an uncursed amulet of resist corrosion for 280 gold pieces
 31733 | D:13     | Received a gift from Okawaru
 31859 | D:13     | Found a gate to the Vaults.
 32006 | D:13     | Found Zoud's Armour Shop.
 32020 | D:13     | Received a gift from Okawaru
 32366 | D:14     | Reached skill level 10 in Invocations
 32366 | D:14     | Reached XP level 16. HP: 143/147 MP: 22/22
 32374 | D:14     | Reached skill level 1 in Evocations
 32649 | D:14     | Received a gift from Okawaru
 32901 | D:14     | Received a gift from Okawaru
 33060 | D:15     | Entered Level 15 of the Dungeon
 33108 | D:15     | Reached skill level 5 in Evocations
 33435 | D:15     | Found a staircase to the Depths.
 33565 | D:15     | Got an ichor-stained chain mail
 33566 | D:15     | Identified the cursed +1 chain mail of Yrroiwne {rF+ rN+ MR+ Regen+} (You found it on level 15 of the Dungeon)
 33715 | D:15     | Received a gift from Okawaru
 33830 | D:15     | Mangled by a white ugly thing

Vault maps used:
D:1:      saegor_arrival_simple_c
D:2:      uniq_jessica, uniq_iyjb
D:3:      nicolae_gozag_cash_rules_everything_around_me, first_bread,
          uniq_natasha
D:4:      portal_sewer_entry_e, uniq_pikel
D:5:      grunt_temple_overflow_lords_of_destruction,
          nicolae_qazlal_style_of_elements, temple_green, basic_altar,
          serial_shops, shop, hangedman_glass_teeth,
          nicolae_tso_swordbearing_angel
D:6:      xom_confusion_cloud, serial_co_window_serial, co_window_paths_a,
          co_window_of_opportunity_a, co_window_paths_b, co_window_paths_a,
          co_window_paths_a, co_window_2corner, co_window_unsneaky_path_e,
          co_window_paths_c, co_window_broadway_b, co_window_broadway_a,
          co_window_corner_b, glass_columns_a, kennysheep_generic_room_13,
          uniq_crazy_yiuf_cottage, uniq_sigmund, uniq_menkaure,
          uniq_prince_ribbit1
D:7:      lemuel_crystal_altar, grunt_livestock, hangedman_decor_riveting,
          feat_on_display, uniq_joseph
D:8:      kennysheep_generic_room_3
D:9:      okawaru_ov_weapons_minmay
D:10:     lair_0_dummy, kennysheep_generic_room_14
D:11:     uniq_maurice
D:12:     orc_0_dummy, corexii_leaking_fountain, grunt_decor_fettered,
          uniq_sonja, uniq_azrael, uniq_nessos
D:13:     erik_vaults_1, serial_shops, nicolae_shop_statue_plus
D:14:     nrook_pool_corridor
D:15:     hangedman_depths_entry_civil_slaughter, minmay_misc_feat_iff
Temple:   circular_temple_12
Lair:1:   st_stairs_3, grunt_megastairs_3
Lair:2:   hangedman_lair_unloving_vines
Lair:3:   spider_nest_entry_funnel_web, portal_ice_cave_entry_pillars_01,
          lab_entry_generic, infiniplex_staircase_pool_2, serial_bayou_shore_a
Lair:4:   boulder_dual_corridor_run, swamp_mist_pool, forest_entry_grove
Lair:5:   minivault_27, grunt_forest_large_clearing_hut, uniq_kirke
Lair:6:   serial_bayou_lagoon_b, lemuel_fruit_tree
Lair:7:   slime_altar_2, special_room, patterned_corridor
Lair:8:   evilmike_catoblepas_cave
Orc:1:    uniq_fannar, uniq_urug
Orc:2:    nicolae_volcano_entry_hallway
Orc:3:    serial_shops, nicolae_shop_waterfront, nicolae_orc_pool_cavern
Orc:4:    pubby_orc_utopia, uniq_josephine
Lab:      nicolae_lab_diamond, lab_fountain, nicolae_lab_plus, lab_block
Sewer:    sewer_co_tree
IceCv:    ice_cave_statue_garden_01
Volcano:  volcano_grotto

Action                   |  1- 3 |  4- 6 |  7- 9 | 10-12 | 13-15 | 16-18 || total
-------------------------+-------+-------+-------+-------+-------+-------++-------
Melee: Quarterstaff      |    77 |    50 |   352 |   930 |  1738 |   211 ||  3358
Throw: Javelin           |       |       |       |    10 |    24 |       ||    34
       Throwing net      |       |       |       |     2 |     1 |       ||     3
Invok: Heroism           |       |       |       |     3 |     4 |     1 ||     8
       Finesse           |       |       |       |       |     1 |     1 ||     2
Evoke: Wand              |       |       |     1 |       |     1 |       ||     2
  Use: Scroll            |     4 |     9 |     6 |    13 |    10 |     3 ||    45
       Potion            |       |     1 |     1 |     3 |     2 |       ||     7
 Stab: Petrifying        |       |       |       |       |     1 |       ||     1
  Eat: Chunk             |       |     2 |    15 |    28 |    47 |     5 ||    97
       Fruit             |       |       |       |     1 |       |       ||     1
       Pizza             |       |       |       |     2 |       |       ||     2
       Meat ration       |       |       |       |       |     1 |       ||     1
       Royal jelly       |       |       |       |       |     1 |       ||     1
